 Dungeon Crawl Stone Soup version 0.22.0-32-gbc6daba (webtiles) character file.

4212 Loudmushroom the Cleaver (level 10, -13/90 HPs)
             Began as a Minotaur Fighter on Aug 23, 2018.
             Was a Believer of Okawaru.
             Mangled by an ogre
             ... wielding a +0 giant spiked club
              (19 damage)
             ... on level 9 of the Dungeon.
             The game lasted 01:04:57 (9026 turns).

Loudmushroom the Cleaver (Minotaur Fighter)         Turns: 9026, Time: 01:04:58

Health: -13/90     AC: 15    Str: 21    XL:     10   Next: 9%
Magic:  9/9        EV:  5    Int:  5    God:    Okawaru [**....]
Gold:   630        SH: 12    Dex: 13    Spells: 9/9 levels left

rFire    . . .     SeeInvis .   a - +4 war axe (drain)
rCold    . . .     Gourm    .   c - +1 shield
rNeg     . . .     Faith    .   f - +0 plate armour (curse)
rPois    +         Spirit   .   (helmet restricted)
rElec    .         Reflect  .   I - +0 cloak
rCorr    .         Harm     .   (no gloves)
MR       .....                  (no boots)
Stlth    ..........             (no amulet)
HPRegen  0.25/turn              g - ring of poison resistance
MPRegen  0.11/turn              (no ring)

@: no status effects
A: retaliatory headbutt, horns 2
a: Heroism, Renounce Religion


You were on level 9 of the Dungeon.
You worshipped Okawaru.
Okawaru was pleased with you.
You were not hungry.

You visited 2 branches of the dungeon, and saw 10 of its levels.
You also visited: Ossuary.

You collected 630 gold pieces.

Inventory:

Hand Weapons
 a - a +4 war axe of draining (weapon)
 b - a +1 hunting sling of flaming
 B - a +0 flail of protection
 E - a +1 mace of venom
 F - a +0 shortbow of freezing
 M - a +0 flail
Missiles
 i - 418 stones
 p - 101 arrows
 v - 103 sling bullets
 x - 3 tomahawks (quivered)
 J - 18 poisoned needles
 K - 13 bolts
Armour
 c - a +1 shield (worn)
 f - a cursed +0 plate armour (worn)
 h - a +3 chain mail
 I - a +0 cloak (worn)
 N - a +1 ring mail of cold resistance
Jewellery
 g - a ring of poison resistance (left hand)
 n - an uncursed ring of wizardry
Wands
 L - a wand of disintegration (10)
Scrolls
 e - 4 scrolls of remove curse
 j - 5 scrolls of teleportation
 k - 7 scrolls of identify
 r - 2 scrolls of fog
 t - 2 scrolls of magic mapping
 A - a scroll of fear
Potions
 d - 3 potions of might
 l - 8 potions of curing
 m - a potion of flight {unknown}
 q - a potion of heal wounds {unknown}
 s - a potion of invisibility {unknown}
 u - 2 potions of ambrosia
 w - 2 potions of haste
 z - 2 potions of magic {unknown}
 C - 2 potions of lignification {unknown}
 D - 2 potions of mutation {unknown}
 H - a potion of berserk rage {unknown}
Comestibles
 o - 14 rations


   Skills:
 + Level 8.7 Fighting
 * Level 11.2 Axes
 + Level 8.7 Armour
 + Level 8.6 Shields


You had 9 spell levels left.
You didn't know any spells.
Your spell library contained the following spells:

 Spells                   Type           Power        Failure   Level  Hunger
 Beastly Appendage        Tmut           #.....       100%        1    ##.....
 Sticks to Snakes         Tmut           #.......     100%        2    ###....
 Spider Form              Tmut/Pois      #.........   100%        3    ####...
 Ice Form                 Ice/Tmut       #.......     100%        4    #####..
 Blade Hands              Tmut           #.........   100%        5    ######.


Dungeon Overview and Level Annotations

Branches:
Dungeon (9/15)             Temple (1/1) D:7            Lair (0/6) D:8
    Orc: D:9-12

Altars:
Ashenzari
Cheibriados
Elyvilon
Fedhas
Gozag
Hepliaklqana
Kikubaaqudgha
Makhleb
Nemelex Xobeh
Okawaru
Qazlal
Ru
Sif Muna
Trog
Uskayaw
Vehumet
Wu Jian
Xom
Yredelemnul
Zin
The Shining One
Beogh

Shops:
D:4 [*(}


Innate Abilities, Weirdness & Mutations

You reflexively headbutt those who attack you in melee.
You have a pair of horns on your head.


Message History

You block the orc warrior's attack. You block the orc's attack.
You slice the orc!!
You kill the orc!
Okawaru accepts your kill. You block the orc warrior's attack.
You slash the orc!
You kill the orc!
Okawaru accepts your kill.
The orc warrior hits you from afar with a glaive!!
* * * LOW HITPOINT WARNING * * *
You hit the orc. You drain the orc!
You kill the orc!
Okawaru accepts your kill. You block the orc warrior's attack.
You slash the orc!
You kill the orc!
Okawaru accepts your kill.
You closely miss the ogre. The orc warrior completely misses you.
The ogre hits you with a giant spiked club!!
You die... ####+#### #....... +.....( ..$.. .oo

#O# #@# ###.# #...#
####### #.### ......#
#.# ......# ##'######
....<.#######........#
......##....'........#
......'..####........#


You could see an orc warrior, an ogre and an orc.

Vanquished Creatures
  Pikel (D:3)
  Joseph (D:8)
  Psyche (D:8)
  A spriggan (D:7)
  3 wargs
  Edmund (D:5)
  An orc warrior (D:7)
  A black bear (D:8)
  An ice beast (D:8)
  2 ogres
  A centaur (D:6)
  4 bullfrogs
  2 water moccasin zombies (Ossuary)
  2 scorpions
  A water moccasin skeleton (D:5)
  2 jellies (D:6)
  3 howler monkeys (D:7)
  2 hounds
  12 orc priests
  A centaur skeleton (D:4)
  6 orc wizards
  6 worker ants
  5 big kobold zombies (Ossuary)
  A hound zombie (D:7)
  A hound skeleton (D:7)
  2 mummies (Ossuary)
  A howler monkey skeleton (D:5)
  23 adders
  A river rat (D:3)
  A shadow imp (D:5)
  An adder zombie (Ossuary)
  4 adder skeletons
  3 worms
  A dart slug (D:1)
  5 leopard geckos
  39 orcs
  10 giant cockroaches
  3 hobgoblins
  6 jackals
  3 quokkas
  5 ball pythons
  A ball python zombie (D:6)
  7 bats
  4 frilled lizards
  5 gnoll zombies (Ossuary)
  12 goblins
  7 hobgoblin zombies (Ossuary)
  8 kobolds
  6 kobold zombies (Ossuary)
  5 orc zombies (Ossuary)
  11 rats
  4 bushes (D:1)
  3 plants (D:1)
243 creatures vanquished.

Vanquished Creatures (others)
  Blork the orc (D:4)
  A scorpion (D:4)
  5 orcs (D:4)
7 creatures vanquished.

Grand Total: 250 creatures vanquished

Notes
Turn   | Place    | Note
-------+----------+-------------------------------------------
     0 | D:1      | Loudmushroom the Minotaur Fighter began the quest for the Orb.
     0 | D:1      | Reached XP level 1. HP: 19/19 MP: 0/0
   143 | D:1      | Reached XP level 2. HP: 13/27 MP: 1/1
   340 | D:1      | Reached skill level 3 in Axes
  1121 | D:2      | Reached XP level 3. HP: 33/33 MP: 2/2
  1137 | D:2      | Found a glowing golden altar of the Shining One.
  1137 | D:2      | Found a glowing silver altar of Zin.
  1137 | D:2      | Found a white marble altar of Elyvilon.
  1813 | D:2      | Reached XP level 4. HP: 11/40 MP: 3/3
  2336 | D:3      | Reached skill level 4 in Axes
  2502 | D:3      | Reached XP level 5. HP: 47/47 MP: 4/4
  3292 | D:3      | Reached skill level 5 in Axes
  3707 | D:4      | Found Quigauno's Armour Shop.
  3753 | D:4      | Noticed a slave
  3836 | D:4      | Noticed Pikel
  3836 | D:4      | Noticed a slave
  3838 | D:4      | Noticed Blork the orc
  3839 | D:4      | Noticed a slave
  3840 | D:4      | Noticed a slave
  3862 | D:3      | Killed Pikel
  3862 | D:3      | Reached skill level 5 in Fighting
  3862 | D:3      | Reached skill level 6 in Axes
  3862 | D:3      | Reached skill level 5 in Armour
  3862 | D:3      | Reached skill level 5 in Shields
  3862 | D:3      | Reached XP level 6. HP: 11/57 MP: 5/5
  3862 | D:3      | Reached XP level 7. HP: 12/62 MP: 6/6
  4128 | D:4      | Killed Blork the orc
  4145 | D:4      | Found Ocemm's General Store.
  4435 | D:4      | Found Canudwop's Gadget Shop.
  4496 | D:4      | Found Okounioc's Antique Weapon Shop.
  4568 | D:4      | Found a blossoming altar of Fedhas.
  4864 | D:5      | Entered Level 5 of the Dungeon
  4945 | D:5      | Reached skill level 7 in Axes
  5249 | D:5      | Reached XP level 8. HP: 50/70 MP: 7/7
  5500 | D:5      | Found an ancient bone altar of Kikubaaqudgha.
  5500 | D:5      | Found a sacrificial altar of Ru.
  5500 | D:5      | Noticed Edmund
  5511 | D:5      | Killed Edmund
  6186 | D:6      | Reached skill level 8 in Axes
  7038 | D:7      | Reached skill level 9 in Axes
  7125 | D:7      | Found a sand-covered staircase.
  7148 | Ossuary  | Entered an ossuary
  7242 | Ossuary  | Reached XP level 9. HP: 77/79 MP: 8/8
  7584 | D:7      | Found a staircase to the Ecumenical Temple.
  7594 | Temple   | Entered the Ecumenical Temple
  7688 | Temple   | Became a worshipper of Warmaster Okawaru
  7957 | D:7      | Reached skill level 10 in Axes
  8257 | D:8      | Reached * piety under Okawaru
  8258 | D:8      | Noticed Joseph
  8418 | D:8      | Killed Joseph
  8430 | D:8      | Found a staircase to the Lair.
  8432 | D:8      | Reached ** piety under Okawaru
  8528 | D:8      | Noticed Psyche
  8573 | D:8      | Reached skill level 11 in Axes
  8619 | D:8      | Killed Psyche
  8619 | D:8      | Reached XP level 10. HP: 89/90 MP: 6/9
  8990 | D:9      | Found a roughly hewn altar of Beogh.
  9026 | D:9      | Mangled by an ogre

Skill      XL: |  1  2  3  4  5  6  7  8  9 |
---------------+----------------------------+-----
Axes           | 3 4 6 7 9 11 | 11.2
Fighting       | 4 5 6 7 8 |  8.7
Armour         | 4 5 6 7 8 |  8.7
Shields        | 4 5 6 7 8 |  8.6

Action                   |  1- 3 |  4- 6 |  7- 9 | 10-12 || total
-------------------------+-------+-------+-------+-------++-------
Melee: War axe           |   237 |   135 |   336 |    36 ||   744
       Headbutt          |    63 |    21 |    56 |     5 ||   145
 Fire: Hunting sling     |       |       |     2 |       ||     2
Throw: Stone             |     2 |       |       |       ||     2
Invok: Heroism           |       |       |     2 |       ||     2
  Use: Scroll            |       |       |    16 |       ||    16
  Eat: Ration            |     1 |     1 |     2 |       ||     4
       Chunk             |       |     3 |     9 |     1 ||    13
Armor: Scale mail        |    48 |    28 |       |       ||    76
       Chain mail        |       |    44 |    52 |       ||    96
       Plate armour      |       |       |    81 |     6 ||    87
Dodge: Dodged            |    27 |    40 |    55 |     5 ||   127
Block: Shield            |    51 |    89 |   188 |    21 ||   349
